MLB
COLORADO ROCKIES @ BOSTON RED SOX
06/07/2042
 
TOP OF THE 1ST
Colorado Rockies batting - Pitching for Boston Red Sox : LHP Raúl Barrera
Pitching: LHP Raúl Barrera
Batting: RHB Jorge Esquivel 0-0: Ball
1-0: Called Strike
1-1: Swinging Strike
1-2: Strikes out swinging
Batting: RHB Bob Jacobs 0-0: Ball
1-0: Ball
2-0: Ball
3-0: Base on Balls
Batting: LHB Mario Mendoza 0-0: Called Strike
0-1: Ball
1-1: Ground out U3 (Groundball, 3S, EV 68.1 MPH)
Bob Jacobs to second
Batting: RHB Joe Thompson 0-0: Ball
Wild Pitch!
Bob Jacobs to third
1-0: Ball
2-0: Swinging Strike
2-1: Called Strike
2-2: Ball
3-2: Foul Ball, location: 5F
3-2: Foul Ball, location: 23F
3-2: Strikes out swinging
Top of the 1st over - 0 runs, 0 hits, 0 errors, 1 left on base; Colorado 0 - Boston 0
BOTTOM OF THE 1ST
Boston Red Sox batting - Pitching for Colorado Rockies : LHP Wally Ellis
Pitching: LHP Wally Ellis
Batting: SHB Víctor Martínez 0-0: Ball
1-0: Foul Ball, location: 3F
1-1: Ball
2-1: Fly out, F8 (Flyball, 8LM, EV 96.3 MPH)
Batting: RHB Joe Hunt 0-0: SINGLE (Groundball, 6MD, EV 103.8 MPH)
Batting: RHB Ron Walker 0-0: Swinging Strike
Pickoff Throw to First - Out! 1-3 CS
0-1: Ball
1-1: SINGLE (Line Drive, 9S, EV 101.3 MPH)
Batting: LHB Derek Orby 0-0: Foul Ball, location: 2F
0-1: Called Strike
0-2: Foul Ball, location: 9LDF
0-2: DOUBLE (Flyball, 78D, EV 112.5 MPH)
Ron Walker to third
Batting: SHB Danny Walker 0-0: Ball
1-0: Ball
2-0: Called Strike
2-1: Ground out 5-3 (Groundball, 5S, EV 78.8 MPH)
Bottom of the 1st over - 0 runs, 3 hits, 0 errors, 2 left on base; Colorado 0 - Boston 0
TOP OF THE 2ND
Colorado Rockies batting - Pitching for Boston Red Sox : LHP Raúl Barrera
Batting: LHB António Fernández 0-0: Called Strike
0-1: Foul Ball, location: 2F
0-2: Strikes out swinging
Batting: RHB Steve O'Brien 0-0: SINGLE (Groundball, 6MD, EV 96.9 MPH)
Batting: RHB Ken Keith 0-0: Ball
1-0: 2-RUN HOME RUN (Flyball, 9D, EV 101.3 MPH), Distance : 405 ft
Batting: RHB Lonnie Anderson 0-0: Ball
1-0: Foul Ball, location: 9LDF
1-1: Ball
2-1: Ball
3-1: Ground out 1-3 (Groundball, P, EV 65.6 MPH)
Batting: RHB Alec Kimpton 0-0: Called Strike
0-1: Called Strike
0-2: Ground out 5-3 (Groundball, 56, EV 86.9 MPH)
Top of the 2nd over - 2 runs, 2 hits, 0 errors, 0 left on base; Colorado 2 - Boston 0
BOTTOM OF THE 2ND
Boston Red Sox batting - Pitching for Colorado Rockies : LHP Wally Ellis
Batting: RHB Juan Serrato 0-0: Called Strike
0-1: Ball
1-1: Swinging Strike
1-2: Foul Ball, location: 23FF
1-2: Ball
2-2: Foul Ball, location: 2RF
2-2: Foul Ball, location: 2F
2-2: Ball
3-2: Strikes out swinging
Batting: RHB José Morales 0-0: Foul Ball, location: 5F
0-1: Foul Ball, location: 9LSF
0-2: Ball
1-2: Fly out, F9 (Flyball, 89D, EV 103.1 MPH)
Batting: LHB Erwin Broomhead 0-0: Swinging Strike
0-1: Ball
1-1: Fly out, F8 (Flyball, 8RXD, EV 110.0 MPH)
Bottom of the 2nd over - 0 runs, 0 hits, 0 errors, 0 left on base; Colorado 2 - Boston 0
TOP OF THE 3RD
Colorado Rockies batting - Pitching for Boston Red Sox : LHP Raúl Barrera
Batting: RHB Jorge Esquivel 0-0: Fly out, F8 (Flyball, 8RS, EV 96.3 MPH)
Batting: RHB Bob Jacobs 0-0: Ball
1-0: Ball
2-0: Ground out 3-1 (Groundball, 34, EV 102.5 MPH)
Batting: LHB Mario Mendoza 0-0: Ball
1-0: Foul Ball, location: 2F
1-1: Foul Ball, location: 2F
1-2: Foul Ball, location: 2F
1-2: Ball
2-2: Foul Ball, location: 23FF
2-2: Ground out 4-3 (Groundball, 4, EV 86.3 MPH)
Top of the 3rd over - 0 runs, 0 hits, 0 errors, 0 left on base; Colorado 2 - Boston 0
BOTTOM OF THE 3RD
Boston Red Sox batting - Pitching for Colorado Rockies : LHP Wally Ellis
Batting: RHB Eric Taylor 0-0: Ball
1-0: Ball
2-0: Ball
3-0: Called Strike
3-1: Called Strike
3-2: Ground out U3 (Groundball, 13, EV 78.8 MPH)
Batting: SHB Víctor Martínez 0-0: Called Strike
0-1: Foul Ball, location: 5DF
0-2: SINGLE (Groundball, 56D, EV 93.8 MPH)
Batting: RHB Joe Hunt 0-0: Ball
1-0: Ball
2-0: Called Strike
2-1: Swinging Strike
2-2: Ball
3-2: Foul Ball, location: 2F
3-2: Strikes out swinging
Víctor Martínez is caught stealing 2nd base 2-4
Batter strikes out.
Bottom of the 3rd over - 0 runs, 1 hit, 0 errors, 0 left on base; Colorado 2 - Boston 0
TOP OF THE 4TH
Colorado Rockies batting - Pitching for Boston Red Sox : LHP Raúl Barrera
Batting: RHB Joe Thompson 0-0: Ball
1-0: Ball
2-0: Called Strike
2-1: Reached on error, E5 (Groundball, 56S, EV 65.0 MPH)
Batting: LHB António Fernández 0-0: Called Strike
0-1: Ball
1-1: 2-RUN HOME RUN (Flyball, 9LD, EV 88.1 MPH), Distance : 333 ft
Batting: RHB Steve O'Brien 0-0: SINGLE (Line Drive, 5D, EV 105.0 MPH)
Batting: RHB Ken Keith 0-0: Ball
1-0: Fly out, F9 (Flyball, 89S, EV 89.4 MPH)
Batting: RHB Lonnie Anderson 0-0: Ball
1-0: Ball
Balk!
Steve O'Brien to second
2-0: Fly out, F8 (Flyball, 8RD, EV 102.5 MPH)
Runner from 2nd tags up, OUT at 3rd! 8-5
Top of the 4th over - 2 runs, 2 hits, 1 error, 0 left on base; Colorado 4 - Boston 0
BOTTOM OF THE 4TH
Boston Red Sox batting - Pitching for Colorado Rockies : LHP Wally Ellis
Batting: RHB Ron Walker 0-0: Ball
1-0: Ground out 4-3 (Groundball, 4, EV 101.3 MPH)
Batting: LHB Derek Orby 0-0: Foul Ball, location: 2F
0-1: Foul Ball, location: 2F
0-2: Ball
1-2: Ball
2-2: Ball
3-2: SINGLE (Line Drive, 56D, EV 105.0 MPH)
Batting: SHB Danny Walker 0-0: Called Strike
0-1: Foul Ball, location: 7LSF
0-2: Strikes out swinging
Batting: RHB Juan Serrato 0-0: SINGLE (Groundball, 4MD, EV 105.0 MPH)
Derek Orby to second
Runner from 2nd tries for 3rd, SAFE, throw by CF made to third
Batting: RHB José Morales 0-0: Called Strike
0-1: Ball
1-1: Foul Ball, location: 9LMF
1-2: SINGLE (Groundball, 4MD, EV 102.5 MPH)
Derek Orby scores
Juan Serrato to second
Batting: LHB Erwin Broomhead 0-0: Foul Ball, location: 23F
0-1: Fly out, F9 (Flyball, 9, EV 87.5 MPH)
Bottom of the 4th over - 1 run, 3 hits, 0 errors, 2 left on base; Colorado 4 - Boston 1
TOP OF THE 5TH
Colorado Rockies batting - Pitching for Boston Red Sox : LHP Raúl Barrera
Batting: RHB Alec Kimpton 0-0: Called Strike
0-1: Ball
1-1: DOUBLE (Groundball, 5L, EV 101.3 MPH)
Batting: RHB Jorge Esquivel 0-0: Ball
1-0: Ball
2-0: Ball
Wild Pitch!
Alec Kimpton to third
3-0: Swinging Strike
3-1: Foul Ball, location: 2F
3-2: Fly out, F7 (Flyball, 78S, EV 94.4 MPH)
Batting: RHB Bob Jacobs 0-0: Called Strike
Steal of home, Alec Kimpton is out
0-1: SINGLE (Groundball, 4D, EV 98.1 MPH)
Batting: LHB Mario Mendoza 0-0: Ball
1-0: Ball
2-0: Foul Ball, location: 7LSF
2-1: Ball
3-1: Base on Balls
Bob Jacobs to second
Batting: RHB Joe Thompson 0-0: Swinging Strike
0-1: Foul Ball, location: 2F
0-2: Ball
1-2: Ground out 6-3 (Groundball, 6S, EV 88.8 MPH)
Top of the 5th over - 0 runs, 2 hits, 0 errors, 2 left on base; Colorado 4 - Boston 1
BOTTOM OF THE 5TH
Boston Red Sox batting - Pitching for Colorado Rockies : LHP Wally Ellis
Batting: RHB Eric Taylor 0-0: Called Strike
0-1: Ball
1-1: Foul Ball, location: 5DF
1-2: Ball
2-2: Foul Ball, location: 2F
2-2: Ball
3-2: Strikes out swinging
Batting: SHB Víctor Martínez 0-0: Ball
1-0: Ball
2-0: Called Strike
2-1: Ground out 6-3 (Groundball, 6, EV 86.3 MPH)
Batting: RHB Joe Hunt 0-0: Ball
1-0: Ball
2-0: Foul Ball, location: 2F
2-1: Foul Ball, location: 23FF
2-2: Strikes out swinging
Bottom of the 5th over - 0 runs, 0 hits, 0 errors, 0 left on base; Colorado 4 - Boston 1
TOP OF THE 6TH
Colorado Rockies batting - Pitching for Boston Red Sox : LHP Raúl Barrera
Batting: LHB António Fernández 0-0: Called Strike
0-1: Fly out, F4 (Line Drive, 4, EV 68.8 MPH)
Batting: RHB Steve O'Brien 0-0: Swinging Strike
0-1: Foul Ball, location: 7LDF
0-2: Foul Ball, location: 5F
0-2: Ground out 5-3 (Groundball, 56, EV 87.5 MPH)
Batting: RHB Ken Keith 0-0: Called Strike
0-1: Called Strike
0-2: Ball
1-2: Ball
2-2: Fly out, F3 (Popup, 3DF, EV 71.3 MPH)
Top of the 6th over - 0 runs, 0 hits, 0 errors, 0 left on base; Colorado 4 - Boston 1
BOTTOM OF THE 6TH
Boston Red Sox batting - Pitching for Colorado Rockies : LHP Wally Ellis
Batting: RHB Ron Walker 0-0: Called Strike
0-1: Ball
1-1: Foul Ball, location: 9LDF
1-2: Foul Ball, location: 3SF
1-2: Ball
2-2: Foul Ball, location: 2F
2-2: Fly out, F7 (Flyball, 7LSF, EV 91.9 MPH)
Batting: LHB Derek Orby 0-0: Called Strike
0-1: Called Strike
0-2: Fly out, F8 (Flyball, 8RD, EV 109.4 MPH)
Batting: SHB Danny Walker 0-0: Ball
1-0: Foul Ball, location: 3F
1-1: Ball
2-1: Ball
3-1: Called Strike
3-2: Foul Ball, location: 3F
3-2: Fly out, F8 (Flyball, 8LM, EV 93.8 MPH)
Bottom of the 6th over - 0 runs, 0 hits, 0 errors, 0 left on base; Colorado 4 - Boston 1
TOP OF THE 7TH
Colorado Rockies batting - Pitching for Boston Red Sox : LHP Raúl Barrera
Batting: RHB Lonnie Anderson 0-0: Ball
1-0: Foul Ball, location: 5FF
1-1: TRIPLE (Line Drive, 89XD, EV 101.9 MPH)
Batting: RHB Alec Kimpton 0-0: Called Strike
0-1: Swinging Strike
0-2: Ball
1-2: Ground out 4-3 (Groundball, 34D, EV 106.3 MPH)
Lonnie Anderson scores
Batting: RHB Jorge Esquivel 0-0: SINGLE (Line Drive, 89S, EV 105.0 MPH)
Pitching: RHP Ed Douglas
Batting: RHB Bob Jacobs 0-0: Ball
Jorge Esquivel steals 2nd base
1-0: Ball
2-0: Foul Ball, location: 3F
2-1: Swinging Strike
2-2: Ball
3-2: Strikes out swinging
Batting: LHB Mario Mendoza 0-0: Called Strike
0-1: DOUBLE (Groundball, 3L, EV 101.9 MPH)
Jorge Esquivel scores
Pinch Runner at 2nd Álex Cepeda:
Batting: RHB Joe Thompson 0-0: Swinging Strike
0-1: Swinging Strike
0-2: Ball
1-2: Ball
2-2: Strikes out swinging
Top of the 7th over - 2 runs, 3 hits, 0 errors, 1 left on base; Colorado 6 - Boston 1
BOTTOM OF THE 7TH
Boston Red Sox batting - Pitching for Colorado Rockies : LHP Wally Ellis
Batting: RHB Juan Serrato 0-0: Ball
1-0: Ball
2-0: Foul Ball, location: 2F
2-1: Foul Ball, location: 9LDF
2-2: Strikes out swinging
Batting: RHB José Morales 0-0: Ball
1-0: Ball
2-0: Swinging Strike
2-1: Foul Ball, location: 3SF
2-2: Ball
3-2: DOUBLE (Line Drive, 7LM, EV 89.4 MPH)
Pitching: RHP Héctor Deleón
Batting: LHB Erwin Broomhead 0-0: Ball
1-0: Swinging Strike
1-1: Ball
2-1: Foul Ball, location: 5SF
2-2: Ball
3-2: Strikes out swinging
Batting: RHB Eric Taylor 0-0: Foul Ball, location: 2F
0-1: Called Strike
0-2: Ball
1-2: Strikes out swinging
Bottom of the 7th over - 0 runs, 1 hit, 0 errors, 1 left on base; Colorado 6 - Boston 1
TOP OF THE 8TH
Colorado Rockies batting - Pitching for Boston Red Sox : RHP Ed Douglas
Batting: LHB António Fernández 0-0: Called Strike
0-1: Ball
1-1: Foul Ball, location: 23F
1-2: Fly out, F4 (Line Drive, 4, EV 75.0 MPH)
Batting: RHB Steve O'Brien 0-0: Called Strike
0-1: Swinging Strike
0-2: Ball
1-2: Foul Ball, location: 7LDF
1-2: Strikes out looking
Batting: RHB Ken Keith 0-0: Ball
1-0: Ball
2-0: Fly out, F7 (Line Drive, 78S, EV 90.6 MPH)
Top of the 8th over - 0 runs, 0 hits, 0 errors, 0 left on base; Colorado 6 - Boston 1
BOTTOM OF THE 8TH
Boston Red Sox batting - Pitching for Colorado Rockies : RHP Héctor Deleón
Batting: SHB Víctor Martínez 0-0: SINGLE (Line Drive, 8RS, EV 95.6 MPH)
Batting: RHB Joe Hunt 0-0: Ball
1-0: SINGLE (Groundball, 4MD, EV 110.6 MPH)
Víctor Martínez to second
Runner from 2nd tries for 3rd, SAFE, throw by CF made at trailing runner, OUT! 8-6
Pinch Hitting: RHB António Negrón 0-0: Ball
1-0: Foul Ball, location: 2F
1-1: Ball
2-1: Swinging Strike
2-2: Ball
3-2: Base on Balls
Pitching: LHP Norberto Suárez
Batting: RHB Juan Ávila 0-0: Swinging Strike
0-1: Foul Ball, location: 2F
0-2: Foul Ball, location: 25F
0-2: Foul Ball, location: 3DF
0-2: Foul Ball, location: 9LSFF
0-2: Strikes out swinging
Batting: SHB Danny Walker 0-0: Foul Ball, location: 9LDF
0-1: Fielders Choice at 2nd, 5-4 (Groundball, 5, EV 85.0 MPH)
Bottom of the 8th over - 0 runs, 2 hits, 0 errors, 2 left on base; Colorado 6 - Boston 1
TOP OF THE 9TH
Colorado Rockies batting - Pitching for Boston Red Sox : RHP Ed Douglas
Now at 1B: António Negrón
Batting: RHB Lonnie Anderson 0-0: Foul Ball, location: 9LSF
0-1: Swinging Strike
0-2: Foul Ball, location: 2LF
0-2: DOUBLE (Groundball, 5L, EV 101.3 MPH)
Batting: RHB Alec Kimpton 0-0: Called Strike
0-1: Called Strike
0-2: Ball
1-2: Strikes out swinging
Batting: RHB Jorge Esquivel 0-0: Ball
1-0: Fly out, F1 (Line Drive, P, EV 66.9 MPH)
Batting: RHB Bob Jacobs 0-0: Ball
1-0: 2-RUN HOME RUN (Flyball, 7D, EV 106.9 MPH), Distance : 426 ft
Batting: LHB Álex Cepeda 0-0: Foul Ball, location: 2F
0-1: Called Strike
0-2: SOLO HOME RUN (Flyball, 9LD, EV 99.4 MPH), Distance : 369 ft
Batting: RHB Joe Thompson 0-0: Called Strike
0-1: Ball
1-1: SINGLE (Line Drive, 9LM, EV 105.6 MPH)
Pinch Hitting: RHB Cisco Sandodal 0-0: Ball
1-0: Swinging Strike
1-1: Foul Ball, location: 9LMF
1-2: Ball
2-2: Foul Ball, location: 2F
2-2: Ball
3-2: Strikes out looking
Top of the 9th over - 3 runs, 4 hits, 0 errors, 1 left on base; Colorado 9 - Boston 1
BOTTOM OF THE 9TH
Boston Red Sox batting - Pitching for Colorado Rockies : LHP Norberto Suárez
Pitching: RHP Aurelio Rodríguez
Now in CF: Cisco Sandodal
Batting: RHB Juan Serrato 0-0: Ball
1-0: Ball
2-0: Ball
3-0: Called Strike
3-1: Base on Balls
Batting: RHB José Morales 0-0: Ball
1-0: Fly out, F4 (Popup, 4, EV 53.8 MPH)
Batting: LHB Erwin Broomhead 0-0: Swinging Strike
0-1: Ball
1-1: Ball
2-1: Fly out, F2 (Popup, 2LF, EV 90.0 MPH)
Pinch Hitting: LHB Abel Scott 0-0: Ball
1-0: Ball
2-0: Called Strike
2-1: Ball
3-1: Called Strike
3-2: Base on Balls
Juan Serrato to second
Batting: SHB Víctor Martínez 0-0: Ball
1-0: SINGLE (Groundball, 6MD, EV 97.5 MPH)
Juan Serrato to third
Abel Scott to second
Batting: RHB Joe Hunt 0-0: Fly out, F4 (Popup, 3S, EV 80.0 MPH)
Bottom of the 9th over - 0 runs, 1 hit, 0 errors, 3 left on base; Colorado 9 - Boston 1
Friday, May 3rd , 2024 - OOTP Baseball 24.10 Build 82